 Dungeon Crawl Stone Soup version 0.30.1 (webtiles) character file.

Game seed: 16655462327764932838

81242 CrazyMind the Severer (level 15, -6/134 HPs)
             Began as an Armataur Fighter on June 23, 2023.
             Was a High Priest of Okawaru.
             Shot with an arrow by Nessos (9 damage)
             ... on level 15 of the Dungeon on July 8, 2023.
             The game lasted 02:13:27 (20810 turns).

CrazyMind the Severer (Armataur Fighter)           Turns: 20810, Time: 02:13:27

Health: -6/134     AC:  0    Str: 28    XL:     15   Next: 26%
Magic:  22/22      EV: 16    Int:  9    God:    Okawaru [*****.]
Gold:   860        SH:  5    Dex: 10    Spells: 14/14 levels left

rFire   . . .        w - melded +4 broad axe
rCold   . . .        c - melded +0 buckler
rNeg    . . .        d - melded +5 steam dragon scales of the Bulwark {Dex+2}
rPois   .            H - melded +0 helmet
rElec   .            e - melded scarf {rC+ rF+}
rCorr   .            O - melded +0 pair of gloves
SInv    .            h - melded +5 barding of Inevitability {Drain Str+4 Int+6}
Will    +....        i - amulet of reflection
Stlth   +            X - melded +4 ring of slaying
HPRegen 0.42/turn    T - melded ring "Lyos" {rN+ Str+7 Dex+4 Slay+3}
MPRegen 0.18/turn

%: reflection, roll
@: lethally poisoned (-6 -> -28), pig-form, very quick
A: fast, no casting, small, rugged brown scales 3, (deformed body), (armoured
tail), roll, long tongue, awkward tongue
a: Renounce Religion, Heroism, Finesse, Duel


You were on level 15 of the Dungeon.
You worshipped Okawaru.
Okawaru was extremely pleased with you.
You were a filthy swine.
You visited 3 branches of the dungeon, and saw 21 of its levels.
You visited 1 bazaar.
You also visited: Bailey and Volcano.

You collected 1403 gold pieces.
You spent 543 gold pieces at shops.

Inventory:

Hand Weapons
 b - a +0 war axe of flaming
 w - a +4 broad axe (melded)
Missiles
 t - 6 boomerangs (quivered)
 A - 31 poisoned darts
 P - 6 javelins
 S - 10 atropa-tipped darts
 Z - a curare-tipped dart
Armour
 c - a +0 buckler (melded)
 d - the +5 steam dragon scales of the Bulwark (melded) {Dex+2}
   (You took it off a spriggan in a bailey)

   Dex:       It affects your dexterity (+2).
 e - a scarf of resistance (melded)
 h - the +5 barding of Inevitability (melded) {Drain Str+4 Int+6}
   (Okawaru gifted it to you on level 3 of the Lair of Beasts)

   Str:       It affects your strength (+4).
   Int:       It affects your intelligence (+6).
   Drain:     It drains your maximum health when unequipped.
 l - a +2 scale mail of cold resistance
 n - a +0 scale mail of willpower
 H - a +0 helmet (melded)
 O - a +0 pair of gloves (melded)
Jewellery
 i - an amulet of reflection (around neck)
 p - a ring of flight
 x - a ring of positive energy
 B - a +4 ring of protection
 I - a ring of see invisible
 N - the ring of Udazosm {Ice Str+2}
   (You took it off a deep elf pyromancer on level 11 of the Dungeon)

   [ring of ice]

   It enhances your ice magic.
   Str:       It affects your strength (+2).
   rF:        It makes you vulnerable to fire.
   rC:        It protects you from cold.
 Q - a ring of protection from cold
 T - the ring "Lyos" (melded) {rN+ Str+7 Dex+4 Slay+3}
   (You found it on level 11 of the Dungeon)

   [ring of positive energy]

   Str:       It affects your strength (+7).
   Dex:       It affects your dexterity (+4).
   Slay:      It affects your accuracy & damage with ranged weapons and melee
   (+3).
   rN:        It protects you from negative energy.
 X - a +4 ring of slaying (melded)
Wands
 m - a wand of flame (15)
 y - a wand of iceblast (8)
 z - a wand of light (3)
 C - a wand of polymorph (6)
 M - a wand of paralysis (17)
Scrolls
 f - 3 scrolls of fog
 o - 10 scrolls of teleportation
 q - 2 scrolls of enchant armour
 u - 7 scrolls of blinking
 v - 8 scrolls of vulnerability
 G - a scroll of silence
 J - a scroll of torment
 K - a scroll of enchant weapon
 W - a scroll of brand weapon
 Y - a scroll of poison
Potions
 a - a potion of berserk rage
 g - 6 potions of haste
 j - 6 potions of magic
 k - 7 potions of curing
 r - 2 potions of invisibility
 s - 5 potions of lignification
 D - 2 potions of mutation
 E - 3 potions of resistance
 F - 4 potions of might
 L - 2 potions of flight
 R - a potion of ambrosia
 U - a potion of attraction
 V - 2 potions of heal wounds


   Skills:
 + Level 10.0 Fighting
 + Level 15.6 Axes
 + Level 5.1 Throwing
 + Level 7.5 Armour
 + Level 6.9 Dodging
 * Level 9.6 Shields
 + Level 10.2 Invocations
 + Level 3.0 Evocations


You had 14 spell levels left.
You didn't know any spells.
Your spell library contained the following spells:

 Spells                   Type           Power      Damage    Failure   Level
 Apportation              Tloc           0%         N/A       38%         1
 Dazzling Flash           Conj/Hex       0%         N/A       77%         3
 Frozen Ramparts          Ice            0%         1d1       77%         3
 Hailstorm                Conj/Ice       0%         3d3       77%         3
 Volatile Blastmotes      Fire/Tloc      0%         2d10      77%         3
 Anguish                  Hex/Necr       0%         N/A       99%         4
 Cause Fear               Hex            0%         N/A       99%         4
 Fulminant Prism          Conj/Hex       0%         3d5       99%         4
 Ice Form                 Ice/Tmut       0%         N/A       99%         4
 Iskenderun's Mystic Bla  Conj/Tloc      0%         2d3       99%         4
 Passage of Golubria      Tloc           0%         N/A       99%         4
 Petrify                  Tmut/Erth      0%         N/A       99%         4
 Agony                    Necr           0%         N/A       100%        5
 Alistair's Intoxication  Tmut/Pois      0%         N/A       100%        5
 Lee's Rapid Deconstruct  Erth           0%         3d4*      100%        5
 Metabolic Englaciation   Hex/Ice        0%         N/A       100%        5
 Silence                  Hex/Air        0%         N/A       100%        5
 Yara's Violent Unravell  Hex/Tmut       0%         3d3       100%        5
 Conjure Ball Lightning   Conj/Air       0%         3x3d6     100%        6
 Statue Form              Tmut/Erth      0%         N/A       100%        6
 Enfeeble                 Hex            0%         N/A       100%        7
 Tukima's Dance           Hex            Unusable   N/A       N/A         3
 Summon Ice Beast         Ice/Summ       Unusable   N/A       N/A         4
 Simulacrum               Ice/Necr       Unusable   N/A       N/A         6

Dungeon Overview and Level Annotations

Branches:
Dungeon (15/15) Zot: 26946  Temple (1/1) D:4 Zot: 5766    Lair (5/5) D:10 Zot: 23623
  Swamp (0/4) Lair:3       Spider (0/4) Lair:2        Slime (0/5) Lair:4
    Orc (0/2) D:11         Vaults (0/5) D:14         Bailey (visited)
Volcano (visited)
 Depths: D:15

Altars:
Ashenzari
Cheibriados
Dithmenos
Elyvilon
Fedhas
Gozag
Hepliaklqana
Kikubaaqudgha
Makhleb
Nemelex Xobeh
Okawaru
Qazlal
Ru
Sif Muna
Trog
Uskayaw
Vehumet
Wu Jian
Xom
Yredelemnul
Zin
The Shining One
Jiyva

Shops:
D:3 *   D:5 ?

Portals:
Trove: D:14 (give 15 scrolls of teleportation)

Annotations:
D:15 Nessos
Lair:4 2 transporters, exclusion: ice statue, peterlawrence's ghost, journeyman MiFi


Innate Abilities, Weirdness & Mutations

You are a filthy swine.
You move quickly.
Your equipment is almost entirely melded.
You are incapable of wielding weapons or throwing items.
You cannot cast spells.
(You are completely covered in rugged brown scales. (AC +3, +7% HP))
((Armour fits poorly on your strangely shaped body.))
((You have a long armoured tail.))
You roll when moving toward enemies. (Rampage)
Your long tongue fully drains potion bottles. (2x potion effects)
Your tongue gives you trouble enunciating. (1.5x scroll delay)


Message History

Unknown command.
You feel much better.
You slurp down every last drop of the potion of heal wounds!
You feel sick.
Nessos unwields a +3 longbow of flaming.
It stops flaming.
Nessos hits you. Nessos completely misses you. Nessos hits you.
Nessos misses you. Nessos attacks as you move away! Nessos hits you.
Nessos barely misses you.
You feel like a meek peon again.
You feel sick.
Nessos wields a +3 longbow of flaming.
It bursts into flame!
Nessos shoots an arrow.
You block the arrow with an invisible shield... and reflect it back!
The arrow hits Nessos!
The arrow burns Nessos.
Nessos looks as sick as possible!
Nessos shoots an arrow.
The arrow hits you! The arrow burns you.
You are more poisoned.
You feel very sick.
Nessos shoots an arrow.
The arrow hits you!! The arrow burns you.
You are more poisoned.
You feel better.
You slurp down every last drop of the potion of curing!
Nessos casts a spell.
Nessos blinks!
Nessos gestures wildly while chanting.
Nessos blinks!
Nessos shoots an arrow.
The arrow misses you.
Nessos shoots an arrow.
The arrow hits you!!
* * * LOW HITPOINT WARNING * * *
The arrow burns you!
* * * LOW HITPOINT WARNING * * *
There is a stone staircase leading up, spattered with blood here.
Nessos shoots an arrow.
The arrow hits you!
* * * LOW HITPOINT WARNING * * *
The arrow burns you.
* * * LOW HITPOINT WARNING * * *
Nessos shoots an arrow.
The arrow hits you!!
* * * LOW HITPOINT WARNING * * *
The arrow burns you!
You are lethally poisoned!
You die...

######.#
#.##.#####.#
......# #.#§# #.#
#####.# #..c# #.#
##..## ##.#.# #.#
#....###.##c#####.#
##....§.###.......#
##.##### ####c####
#.# #.# #.# #h# #+#
#.# #.# #.# ..# ...
... ....


You could see Nessos (fast, very poisoned).

Vanquished Creatures
  Agnes (D:14)
  Kirke (Lair:5)
  Snorg (D:10)
  An ice dragon (Lair:5)
  A vault guard (D:14)
  Fannar (D:10)
  3 hydras
  A catoblepas (Lair:4)
  A death knight (D:14)
  5 boulder beetles
  2 dancing weapons (D:14)
  6 centaur warriors
  6 two-headed ogres
  10 death yaks
  2 skysharks (Lair:5)
  A pharaoh ant (Lair:2)
  5 skeletal warriors
  Pikel (D:8)
  A bog body (Lair:3)
  2 lindwurms
  3 anaconda skeletons (Volcano)
  8 ugly things
  3 deep elf pyromancers
  A manticore (Lair:3)
  8 cyclopes
  8 elephants (Lair:5)
  2 black mambas (Lair:5)
  5 gargoyles
  6 cane toads
  3 unseen horrors
  5 torpor snails (Lair:5)
  7 rime drakes (Lair:3)
  A yaktaur (D:14)
  An efreet (D:11)
  2 tengu conjurers (D:14)
  13 komodo dragons
  6 trolls
  2 tarantellas (Lair:2)
  A polar bear (shapeshifter) (D:14)
  7 hornets
  4 tyrant leeches (Lair:5)
  4 blink frogs (Lair:4)
  6 dream sheep (Lair:4)
  3 flying skulls (Volcano)
  2 shadows (D:11)
  8 wyverns
  4 spriggans (Bailey)
  3 fire bats (Lair:5)
  32 yaks
  2 wraiths
  3 hogs (Lair:5)
  4 humans (Lair:5)
  4 vampire mosquitoes
  A steam dragon (D:7)
  13 basilisks
  Grum (D:8)
  9 acid dragons
  13 water moccasins
  3 orc warriors
  6 sky beasts
  2 black bears
  3 ice beasts
  5 ogres (Bailey)
  14 wolves
  14 centaurs
  2 lemures (D:8)
  4 kobold brigands
  13 bullfrogs
  2 gnoll sergeants
  3 scorpions
  7 wights
  16 killer bees
  A spriggan skeleton (Volcano)
  2 howler monkeys
  3 vampire bats (D:5)
  3 orc priests
  A gnoll bouda (D:4)
  2 hounds
  A jelly (D:8)
  A sleepcap (D:8)
  5 iguanas
  14 orc wizards
  11 hell rats
  A naga skeleton (Volcano)
  7 gnolls
  11 adders
  A shadow imp (D:6)
  2 white imps
  6 worms
  2 dart slugs
  32 orcs
  6 ball pythons
  5 bats
  4 bat skeletons (D:5)
  2 bat zombies (D:5)
  7 endoplasms
  3 giant cockroaches
  16 goblins
  7 hobgoblins
  5 jackals
  15 kobolds
  4 quokkas
  6 frilled lizards
  4 rats
544 creatures vanquished.

Vanquished Creatures (others)
  A shadow (D:11)
  An orc priest (D:10)
2 creatures vanquished.

Grand Total: 546 creatures vanquished

Notes
Turn   | Place    | Note
-------+----------+-------------------------------------------
     0 | D:1      | CrazyMind the Armataur Fighter began the quest for the Orb.
     0 | D:1      | Reached XP level 1. HP: 19/19 MP: 1/1
   250 | D:1      | Reached XP level 2. HP: 25/26 MP: 2/2
   437 | D:1      | Reached skill level 2 in Axes
   737 | D:1      | Reached XP level 3. HP: 31/31 MP: 3/3
   780 | D:2      | Found a shimmering altar of Xom.
  1138 | D:2      | Reached XP level 4. HP: 38/40 MP: 4/4
  1637 | D:3      | Noticed a sky beast
  1651 | D:3      | Killed a sky beast
  1652 | D:3      | Reached skill level 3 in Axes
  1652 | D:3      | Reached XP level 5. HP: 36/48 MP: 5/5
  2089 | D:3      | Found Semmylots's General Store.
  2093 | D:3      | Bought a potion of curing for 39 gold pieces
  2093 | D:3      | Bought a potion of lignification for 39 gold pieces
  2430 | D:4      | Reached skill level 4 in Axes
  2569 | D:4      | Found a staircase to the Ecumenical Temple.
  2580 | Temple   | Entered the Ecumenical Temple
  2788 | Temple   | Became a worshipper of Warmaster Okawaru
  2918 | D:4      | Reached XP level 6. HP: 54/54 MP: 6/6
  3097 | D:4      | Reached skill level 5 in Armour
  3129 | D:4      | Got the Almanac of the Brume and Spellbinding
  3314 | D:5      | Entered Level 5 of the Dungeon
  3335 | D:5      | Found an ancient bone altar of Kikubaaqudgha.
  3338 | D:5      | Reached * piety under Okawaru
  3342 | D:5      | Reached skill level 5 in Axes
  3344 | D:5      | Reached skill level 1 in Dodging
  3347 | D:5      | Reached XP level 7. HP: 60/60 MP: 7/7
  3821 | D:5      | Reached ** piety under Okawaru
  3822 | D:5      | Reached skill level 6 in Axes
  3826 | D:5      | You fall into a shaft and drop 1 floor!
  3913 | D:6      | Reached XP level 8. HP: 47/69 MP: 8/8
  4014 | D:5      | Found Woheddi's Magic Scroll Shop.
  4020 | D:5      | Bought a scroll of brand weapon for 123 gold pieces
  4251 | D:6      | Reached *** piety under Okawaru
  4387 | D:6      | Reached skill level 7 in Axes
  4974 | D:7      | Reached XP level 9. HP: 74/77 MP: 9/9
  4985 | D:7      | Reached **** piety under Okawaru
  4986 | D:7      | Reached skill level 8 in Axes
  5003 | D:7      | Found a burning altar of Makhleb.
  5108 | D:7      | Reached skill level 1 in Throwing
  5206 | D:7      | Found a blossoming altar of Fedhas.
  5379 | D:8      | Noticed Pikel
  5503 | D:8      | Reached skill level 9 in Axes
  5705 | D:8      | Paralysed by Pikel for 4 turns
  5713 | D:8      | Killed Pikel
  5714 | D:8      | Reached skill level 5 in Fighting
  5741 | D:8      | Noticed Grum
  5748 | D:8      | Reached XP level 10. HP: 57/86 MP: 7/10
  5749 | D:8      | Killed Grum
  6306 | D:8      | Reached ***** piety under Okawaru
  6313 | D:8      | Reached skill level 10 in Axes
  6584 | D:9      | Found a sacrificial altar of Ru.
  7005 | D:9      | Identified the +8 falchion of the Shoals {heavy, rPois
                  | rC+++ Int-5 Dex+3}
  7145 | D:10     | Entered Level 10 of the Dungeon
  7298 | D:10     | Found a flagged portal.
  7316 | D:10     | Reached skill level 5 in Shields
  7347 | Bailey   | Entered a bailey
  7348 | Bailey   | Upgraded the game from 0.30.0-29-ga12c61a403 to
                  | 0.30.0-30-g96aa6591b8
  7555 | Bailey   | Identified the +5 steam dragon scales of the Bulwark
                  | {Dex+2}
  7630 | Bailey   | Noticed a two-headed ogre
  7642 | Bailey   | Killed a two-headed ogre
  7642 | Bailey   | Received a gift from Okawaru
  7643 | Bailey   | Reached skill level 11 in Axes
  7643 | Bailey   | Reached skill level 1 in Invocations
  7707 | D:10     | Upgraded the game from 0.30.0-30-g96aa6591b8 to 0.30.1
  7791 | D:10     | Found a staircase to the Lair.
  7858 | D:10     | Noticed Fannar
  7872 | D:10     | Killed Fannar
  7873 | D:10     | Reached skill level 1 in Evocations
  7873 | D:10     | Reached XP level 11. HP: 91/95 MP: 10/12
  7873 | D:10     | Noticed a centaur warrior
  7894 | D:10     | Killed a centaur warrior
  8073 | D:10     | Noticed Snorg
  8090 | D:10     | Killed Snorg
  8090 | D:10     | Received a gift from Okawaru
  8381 | D:10     | Received a gift from Okawaru
  8475 | Lair:1   | Entered Level 1 of the Lair of Beasts
  8900 | Lair:1   | Reached skill level 12 in Axes
  8984 | Lair:1   | Found a snail-covered altar of Cheibriados.
  9484 | Lair:2   | Found a hole to the Spider Nest.
  9484 | Lair:2   | Noticed a pharaoh ant
  9488 | Lair:2   | Killed a pharaoh ant
  9496 | Lair:2   | Received a gift from Okawaru
  9501 | Lair:2   | Reached skill level 5 in Invocations
  9501 | Lair:2   | Reached XP level 12. HP: 99/103 MP: 13/15
 10555 | Lair:3   | Noticed a five-headed hydra
 10570 | Lair:3   | Killed a two-headed hydra
 10628 | Lair:3   | Found a staircase to the Swamp.
 11022 | D:3      | Bought 3 scrolls of identify for 78 gold pieces
 11806 | Lair:3   | Reached skill level 13 in Axes
 12150 | Lair:3   | Reached skill level 5 in Dodging
 12199 | Lair:3   | Identified the +5 barding of Inevitability {Drain Str+4
                  | Int+6} (Okawaru gifted it to you on level 3 of the Lair of
                  | Beasts)
 12199 | Lair:3   | Received a gift from Okawaru
 12628 | Lair:4   | Noticed a boulder beetle
 12638 | Lair:4   | Killed a boulder beetle
 12859 | Lair:4   | Reached XP level 13. HP: 96/112 MP: 18/18
 12920 | Lair:4   | Found a staircase to the Slime Pits.
 12920 | Lair:4   | Found a viscous altar of Jiyva.
 12956 | Lair:4   | Found a transporter.
 13254 | Lair:4   | Found a transporter.
 13286 | Lair:4   | Noticed peterlawrence's ghost (journeyman MiFi)
 13550 | Lair:5   | Entered Level 5 of the Lair of Beasts
 13550 | Lair:5   | Noticed Kirke
 13687 | Lair:5   | Found a dark tunnel.
 13704 | Volcano  | Entered a volcano
 13831 | Volcano  | Received a gift from Okawaru
 13853 | Volcano  | Reached skill level 14 in Axes
 14021 | Volcano  | Received a gift from Okawaru
 14551 | Lair:5   | Received a gift from Okawaru
 14690 | Lair:5   | Killed Kirke
 14912 | Lair:5   | Reached XP level 14. HP: 124/124 MP: 17/20
 15012 | Lair:5   | Identified the ring "Umeadumecho" {*Slow rN+ Int+5 Slay+3}
 15047 | Lair:5   | Found a runed translucent door.
 15659 | Lair:5   | Identified the +2 barding "Loxzitwi" {rC+} (Okawaru gifted
                  | it to you on level 5 of the Lair of Beasts)
 15659 | Lair:5   | Received a gift from Okawaru
 16225 | D:11     | Found a staircase to the Orcish Mines.
 17031 | D:12     | Found a shimmering altar of Xom.
 17033 | D:12     | Found a shimmering altar of Xom.
 17131 | D:11     | Reached skill level 15 in Axes
 17499 | D:11     | Reached skill level 10 in Invocations
 17518 | D:11     | Identified the ring "Puseog" {Ice Dex+3}
 17527 | D:11     | Identified the ring of Udazosm {Ice Str+2}
 17538 | D:11     | Reached skill level 5 in Throwing
 17661 | D:11     | Identified the ring "Lyos" {rN+ Str+7 Dex+4 Slay+3}
 17666 | D:11     | Identified the ring of Xom's Flight of Fancy {rN+ Will-
                  | Int+3 Dex+2}
 18304 | D:12     | Identified the +6 trident of the Heavens {heavy, rPois rF-
                  | Int+2}
 18469 | D:13     | Found an ornate altar of the Wu Jian Council.
 19199 | D:14     | Reached XP level 15. HP: 133/133 MP: 22/22
 19317 | D:14     | Found a portal to a secret trove of treasure.
 19475 | D:14     | Received a gift from Okawaru
 19839 | D:14     | Found a gate to the Vaults.
 19914 | D:14     | Noticed Agnes
 19929 | D:14     | Killed Agnes
 20078 | D:14     | Reached skill level 10 in Fighting
 20520 | D:14     | Found a gateway to a bazaar.
 20542 | Bazaar   | Entered a bazaar
 20544 | Bazaar   | Found Jonujo's Antique Weapon Boutique.
 20548 | Bazaar   | Found Boadiesha's Distillery.
 20548 | Bazaar   | Found Fesuh's Book Boutique.
 20549 | Bazaar   | Found Liodoyso's Jewellery Boutique.
 20576 | Bazaar   | Bought a potion of curing for 36 gold pieces
 20576 | Bazaar   | Bought 2 potions of heal wounds for 120 gold pieces
 20576 | Bazaar   | Bought a potion of berserk rage for 60 gold pieces
 20576 | Bazaar   | Bought a potion of might for 48 gold pieces
 20751 | D:15     | Entered Level 15 of the Dungeon
 20784 | D:15     | Noticed Nessos
 20810 | D:15     | HP: 3/134 [Nessos/arrow (19)]
 20810 | D:15     | Shot with an arrow by Nessos

Illustrated notes

Levels and vault maps discovered:
D:1:      amcnicky_arrival_gap_in_the_tavern_cellar, layout_basic
D:2:      cheibrodos_old_hovel, layout_basic, basic_altar, minmay_tromino_v2
D:3:      layout_rooms, serial_shops, nicolae_shop_back_alley_shop,
          minmay_quantized
D:4:      minmay_octagon_keep, layout_loops_ring,
          minmay_temple_entry_glassed_door
D:5:      nicolae_BIG_FREAKIN_CUBE, layout_cave_pools,
          kennysheep_vampire_church, serial_shops, nicolae_shop_rolling_square
D:6:      layout_loops_ring, kennysheep_generic_room_4
D:7:      layout_rooms, lemuel_round_altar, mainiacjoe_overflow_boulevard
D:8:      layout_basic, uniq_grum, uniq_pikel
D:9:      layout_gridville, nicolae_ru_great_annihilating_truth
D:10:     layout_roguey, lair_entry_dummy, enter_bailey_4, uniq_snorg,
          uniq_fannar
D:11:     minmay_the_grid_triangle_9x9_line_8_mashed
          [minmay_the_grid_triangle_9x9_empty,
          minmay_the_grid_triangle_9x9_skeleton,
          minmay_the_grid_triangle_9x9_windchime,
          minmay_the_grid_triangle_9x9_steps,
          minmay_the_grid_triangle_9x9_shrine,
          minmay_the_grid_triangle_9x9_from_above,
          minmay_the_grid_triangle_9x9_swiss_cheese,
          minmay_the_grid_triangle_9x9_prize_special], layout_loops_corners,
          david_orc_3, minmay_misc_feat_more_columns
D:12:     layout_loops_ring, xom_redecorated
D:13:     layout_loops_cross, corner_web_ring, nicolae_wu_jian_wuxing_cycle
D:14:     layout_stronghold, erik_vaults_1, enter_trove_5,
          small_statue_intersection, serial_shops, freezing_bzr, kb_rosetta,
          uniq_agnes
D:15:     gammafunk_depths_entry_grave, layout_loops_corners, amethyst_killhole,
          nrook_loot_triangle, uniq_nessos
Temple:   mainiacjoe_temple_bowtie_tessellation
Lair:1:   layout_hall_layers, basic_altar, lemuel_fruit_tree
Lair:2:   layout_small_grid, nicolae_spider_entry_lesser_pyramids, minivault_27
Lair:3:   layout_cave_pods, skrybe_swamp_entry_bodies, special_room
          [special_room_mythical_zoo], grunt_megastairs_5, serial_bayou_shore_b
Lair:4:   layout_concentric_octagons, slime_entry_1, nzn_ghost_randoct,
          grunt_forest_large_clearings
Lair:5:   wormcave, layout_loops_ring, nicolae_volcano_entry_batcave,
          kennysheep_basilisk_garden, uniq_kirke

Skill      XL: |  1  2  3  4  5  6  7  8  9 10 11 12 13 14 15 |
---------------+----------------------------------------------+-----
Axes           | 2 3 4 5 6 7 9 11 12 13 14 15 | 15.6
Armour         | 4 5 6 7 |  7.5
Fighting       | 3 4 5 6 7 8 9 10 | 10.0
Dodging        | 1 2 3 4 5 6 |  6.9
Shields        | 4 5 6 7 8 9 |  9.6
Throwing       | 1 3 4 5 |  5.1
Invocations    | 2 5 7 9 10 | 10.2
Evocations     | 1 2 3 |  3.0

Action                     |  1- 3 |  4- 6 |  7- 9 | 10-12 | 13-15 || total
---------------------------+-------+-------+-------+-------+-------++-------
  Melee: War axe           |   142 |   160 |   234 |   513 |   694 ||  1743
         Tailslap          |    11 |     8 |    26 |    69 |   133 ||   247
         Broad axe         |       |       |       |       |    27 ||    27
  Throw: Dart              |       |     1 |    30 |    36 |    50 ||   117
         Javelin           |       |       |       |       |     3 ||     3
         Boomerang         |       |       |       |       |    13 ||    13
 Invoke: Heroism           |       |       |     4 |     8 |    21 ||    33
         Finesse           |       |       |       |     1 |       ||     1
  Evoke: Wand              |       |       |     2 |    25 |    10 ||    37
    Use: Potion            |       |     2 |     1 |     4 |     7 ||    14
         Scroll            |       |       |    10 |    17 |     7 ||    34
   Stab: Invisible         |       |       |       |     9 |     1 ||    10
         Paralysed         |       |       |       |     3 |       ||     3
         Sleeping          |       |       |       |     3 |     1 ||     4
         Distracted        |       |       |       |       |     3 ||     3
 Armour: Scale mail        |    89 |   109 |   135 |    69 |    13 ||   415
         Skin              |       |       |     8 |    28 |       ||    36
         Steam dragon scal |       |       |       |   173 |   297 ||   470
         Acid dragon scale |       |       |       |     7 |       ||     7
  Dodge: Dodged            |    51 |    58 |    53 |   171 |   200 ||   533
  Block: Buckler           |    22 |    30 |    42 |   148 |   221 ||   463
         Reflection        |       |       |       |     3 |    25 ||    28
         Other             |       |       |       |       |     2 ||     2
